AoeStats
← Giye

Four Lakes

508404225Analyzed
1v1 RM · 10d ago on Sep 22, 2026· 46m 37s· 2 players
Game mode
Random Map
Map size
Tiny (2 player)
Population
200
Speed
Normal
Resources
Standard
Victory
Conquest
Starting age
Dark Age
Ending age
Imperial Age
RankedLock teamsTeams togetherTeam positionsShared explorationLock speedFull tech treeHidden civsTurbo modeCheats
Victory
Defeat
🇦🇺 Italians · Australia
827
+16
🇪🇸 Magyars · Spain
827
-16
venividivici7
4:54 Loom
10:35 Feudal Age
13:05 Town Watch
13:59 Double-Bit Axe
23:21 Castle Age
22:35 Gold Mining
22:35 Stone Mining
22:28 Horse Collar
22:40 Fishing Lines
23:44 Crossbowman
24:30 Thumb Ring
24:19 Fletching
24:38 Scale Barding Armor
24:44 Forging
25:27 Pikeman
26:56 Fishing Lines
30:31 Fervor
31:43 Gillnets
36:52 Imperial Age
35:01 Bow Saw
35:20 Ballistics
37:23 Wheelbarrow
36:49 Town Patrol
37:13 Bodkin Arrow
37:20 Padded Archer Armor
37:23 Scale Mail Armor
37:28 Squires
38:06 Heavy Plow
40:27 Stone Shaft Mining
39:26 Man-at-Arms
39:30 Light Cavalry
40:22 Bloodlines
41:46 Chemistry
42:30 Husbandry
43:41 Hussar
47:30 Chain Barding Armor
47:11 Bracer
Giye
5:02 Loom
12:11 Feudal Age
13:01 Double-Bit Axe
16:18 Bloodlines
17:29 Scale Barding Armor
17:18 Gold Mining
17:22 Stone Mining
17:19 Fishing Lines
22:47 Castle Age
22:49 Fletching
27:38 Husbandry
27:38 Town Watch
28:46 Thumb Ring
31:21 Ballistics
31:03 Elite Skirmisher
31:46 Padded Archer Armor
31:42 Bodkin Arrow
33:43 Bow Saw
44:22 Imperial Age
45:51 Pikeman
48:02 Chemistry
Connection lost

Rejoining the realm…

Still unreachable

The connection could not be restored.

Session expired

The server has moved on; the page needs a fresh start.